Cogmind - Beta 13 @@@ ROGUE MODE // 2024.04.04 @ 11:17:42 Player: BrainTooSmol Result: Self-destructed Performance ------------- Evolutions (2) 1000 Regions Visited (7) 1400 Robots Destroyed (31) 155 Value Destroyed (804) 804 Prototype IDs (28) 560 Alien Tech Used (0) 0 Bonus (300) 300 TOTAL SCORE: 4219 Bonus ------- Aligned with FarCom 300 Cogmind --------- Core Integrity 353/550 Matter 295/300 Energy 267/465 System Corruption 2% Temperature Warning (346) Movement Walking (120) Location -8/Materials Parts ------- > --- POWER (1) -------- Improved Ion Engine > --- PROPULSION (3) --- Aluminum Leg Aluminum Leg Aluminum Leg > --- UTILITY (4) ------ Small Storage Unit Large Battery Advanced Targeting Computer > --- WEAPON (3) ------- Heavy EM Shotgun Pulse Rifle > --- INVENTORY (8) ---- Light Ion Engine Light Ion Engine Large Battery (200) Experimental Sensor Array Field Lobotomy Kit (5) Mining Laser Hammer Peak State ------------ > --- POWER ------------ Improved Ion Engine > --- PROPULSION ------- Aluminum Leg Aluminum Leg Aluminum Leg > --- UTILITY ---------- Small Storage Unit Large Battery Advanced Targeting Computer Light Armor Plating > --- WEAPON ----------- Heavy EM Shotgun Heavy EM Shotgun Light EM Pulse Cannon > --- INVENTORY -------- Light Ion Engine Light Ion Engine Large Battery Experimental Sensor Array Pulse Rifle Field Lobotomy Kit Mining Laser Hammer [Rating: 23] Favorites ----------- Power Light Ion Engine Engine Light Ion Engine Propulsion Aluminum Leg Leg Aluminum Leg Utility Small Storage Unit Device Splice Drone Bay Storage Small Storage Unit Processor Visual Processing Unit Hackware System Shield Protection Light Armor Plating Weapon Light EM Pulse Cannon Energy Gun Heavy EM Shotgun Energy Cannon Light EM Pulse Cannon Launcher Grenade Launcher Build | -11 -10 -10 -9 -9 -9 -8 -8 ------- Run | Yrd Mat Min Mat Min Exi Min Mat Slots Evolved 4 | . . . 2 . . . 2 Power . | . . . . . . . . Propulsion 1 | . . . 1 . . . . Utility 2 | . . . 1 . . . 1 Weapon 1 | . . . . . . . 1 Parts Attached 34 | 6 6 2 8 . 1 . 11 Power 5 | 1 1 . 2 . . . 1 Engine 5 | 1 1 . 2 . . . 1 Core . | . . . . . . . . Reactor . | . . . . . . . . Propulsion 9 | 2 . . 3 . . . 4 Treads . | . . . . . . . . Leg 9 | 2 . . 3 . . . 4 Wheel . | . . . . . . . . Hover . | . . . . . . . . Flight . | . . . . . . . . Utility 9 | 1 2 2 1 . 1 . 2 Device 1 | . . 1 . . . . . Storage 4 | 1 2 1 . . . . . Processor 2 | . . . 1 . . . 1 Hackware 1 | . . . . . . . 1 Protection 1 | . . . . . 1 . . Artifact . | . . . . . . . . Weapon 11 | 2 3 . 2 . . . 4 Energy Gun 5 | 2 . . . . . . 3 Energy Cannon 5 | . 3 . 2 . . . . Ballistic Gun . | . . . . . . . . Ballistic Cannon . | . . . . . . . . Launcher 1 | . . . . . . . 1 Special Weapon . | . . . . . . . . Impact Weapon . | . . . . . . . . Slashing Weapon . | . . . . . . . . Piercing Weapon . | . . . . . . . . Special Melee Weapon . | . . . . . . . . Unidentified Prototypes 2 | . . 1 . . . . 1 Corrupted Parts 2 | . . . . . . . 2 System Corruption 2 | . . . . . . . 2 Parts Lost 10 | . . . 3 . . . 7 Power 2 | . . . 1 . . . 1 Propulsion 1 | . . . . . . . 1 Utility 1 | . . . . . . . 1 Weapon 6 | . . . 2 . . . 4 Highest Loss Streak 4 | . . . 3 . . . 4 To Critical Strikes . | . . . . . . . . Average Slot Usage (%) 95 | . 92 100 96 100 100 100 89 Engine 10 | . 14 14 10 11 11 11 6 Leg 29 | . 28 28 31 33 33 33 25 Storage 21 | . 21 28 22 22 22 22 18 Processor 5 | . . . 9 11 5 . 5 Protection 3 | . . . . . 5 11 8 Energy Gun 2 | . . . . . . . 11 Energy Cannon 20 | . 27 28 22 22 22 22 10 Naked Turns . | . . . . . . . . Heaviest Build 30 | 12 19 19 19 19 22 22 30 Greatest Support 30 | 20 20 20 30 30 30 30 30 Greatest Overweight (x) . | . . . . . . . . Average Overweight (x) . | . . . . . . . . Largest Inventory Capacity 8 | 8 8 8 8 8 8 8 8 Average Capacity 7 | 7 8 8 8 8 8 8 8 Most Carried 8 | 2 8 7 8 8 8 8 8 Average Carried 7 | 1 7 7 6 7 7 8 7 Final Capacity 8 | 8 8 8 8 8 8 8 8 Final Carried 8 | 2 7 7 8 8 8 8 7 Class Distribution -------------------- 85% | Mutant 13% | Scavenger-Skirmisher Dominant Class ---------------- Mutant | -10/Materials Mutant | -10/Mines Mutant | -9/Materials Mutant | -9/Mines Mutant | -9/Exiles Mutant | -8/Mines Scavenger-Skirmisher | -8/Materials Resources | -11 -10 -10 -9 -9 -9 -8 -8 ----------- Run | Yrd Mat Min Mat Min Exi Min Mat Matter Collected 555 | 244 76 . 95 . . 10 130 Remotely . | . . . . . . . . Salvage Created 1008 | . 203 . 427 . . . 378 Parts 71 | . 15 . 35 . . . 21 Haulers Intercepted 1 | . 1 . . . . . . Recyclers Shooed . | . . . . . . . . Parts Field Recycled . | . . . . . . . . Retrieved Matter . | . . . . . . . . Parts Self-Destructed . | . . . . . . . . Prevented . | . . . . . . . . Kills | -11 -10 -10 -9 -9 -9 -8 -8 ------- Run | Yrd Mat Min Mat Min Exi Min Mat Combat Hostiles Destroyed 27 | . 6 . 13 . . . 8 Guns 2 | . . . . . . . 2 Cannons 18 | . 6 . 9 . . . 3 AOE 5 | . . . 3 . . . 2 Classes Destroyed 8 | . 4 . 2 . . . 2 Worker 1 | . 1 . . . . . . Builder 1 | . . . . . . . 1 Hauler 1 | . 1 . . . . . . Watcher 1 | . 1 . . . . . . Swarmer 12 | . 6 . 6 . . . . Grunt 11 | . . . 4 . . . 7 Duelist 1 | . . . . . . . 1 Sentry 3 | . . . 3 . . . . Best Kill Streak 4 | . 3 . 3 . . . 4 Combat Bots Only 3 | . 3 . 3 . . . 3 Max Kills in Single Turn 3 | . 1 . 3 . . . 2 Gunslinging . | . . . . . . . . Exploded 3 | . . . 3 . . . 2 Melee . | . . . . . . . . Uniques/NPCs Destroyed . | . . . . . . . . Combat | -11 -10 -10 -9 -9 -9 -8 -8 -------- Run | Yrd Mat Min Mat Min Exi Min Mat Hostile Shots Fired 137 | . 27 . 52 . . . 58 Missed 35 | . 8 . 9 . . . 18 Damage Taken 1476 | . 173 . 516 . . . 787 Core 343 | . 33 . 113 . . . 197 Absorbed by Shields . | . . . . . . . . Regen/Repaired (Parts) 16 | . . . 16 . . . . Core Remaining (%) 85 | 100 . 86 . . . 71 . Volleys Fired 53 | . 14 . 17 . . . 22 Largest 3 | . 2 . 2 . . . 3 Hottest 156 | . 112 . 112 . . . 156 Shots Fired 105 | . 28 . 34 . . . 43 Gun 16 | . . . . . . . 16 Cannon 83 | . 28 . 34 . . . 21 Launcher 6 | . . . . . . . 6 Special . | . . . . . . . . Kinetic . | . . . . . . . . Thermal 1 | . . . . . . . 1 Explosive 6 | . . . . . . . 6 Electromagnetic 98 | . 28 . 34 . . . 36 Robot Hit Streak 24 | . 9 . 24 . . . 6 Robot Miss Streak 6 | . 3 . 2 . . . 6 Penetration Max . | . . . . . . . . Secondary Targets . | . . . . . . . . Shots Hit Robots 73 | . 17 . 27 . . . 29 Core Hits 45 | . 9 . 14 . . . 22 Critical Kills . | . . . . . . . . Critical Parts Destroyed . | . . . . . . . . Critical Strikes 2 | . 1 . 1 . . . . Corrupt 2 | . 1 . 1 . . . . Melee Attacks . | . . . . . . . . Impact . | . . . . . . . . Slashing . | . . . . . . . . Piercing . | . . . . . . . . Sneak Attacks . | . . . . . . . . Combat Hostiles . | . . . . . . . . Follow-up Attacks . | . . . . . . . . Damage Inflicted 2152 | . 509 . 630 . . . 1013 Guns 226 | . . . . . . . 226 Cannons 1234 | . 406 . 524 . . . 304 Explosions 682 | . 94 . 105 . . . 483 Melee . | . . . . . . . . Ramming 10 | . 9 . 1 . . . . Kinetic . | . . . . . . . . Thermal 405 | . 94 . 105 . . . 206 Explosive 293 | . . . . . . . 293 Electromagnetic 1444 | . 406 . 524 . . . 514 Impact . | . . . . . . . . Slashing . | . . . . . . . . Piercing . | . . . . . . . . Highest Corruption 2 | . . . . . . . 2 Average Corruption 1 | . . . . . . . 1 Corruption Purged . | . . . . . . . . Corruption Blocked . | . . . . . . . . Effects 2 | . . . . . . . 2 Message Errors 1 | . . . . . . . 1 Data Loss (minor) 1 | . . . . . . . 1 Overload Shots . | . . . . . . . . Overflow Damage 58 | . 4 . 20 . . . 34 Projectiles 2 | . . . . . . . 2 Explosions 56 | . 4 . 20 . . . 32 Melee . | . . . . . . . . Knockbacks . | . . . . . . . . Impact . | . . . . . . . . Kinetic . | . . . . . . . . Secondary . | . . . . . . . . Self-Inflicted Damage 130 | . 14 . . . . . 116 Shots 4 | . 1 . . . . . 3 Rammed . | . . . . . . . . Targets Rammed 2 | . 1 . 1 . . . . Kicked 2 | . 1 . 1 . . . . Crushed . | . . . . . . . . Highest Temperature 337 | . 298 . 172 . . . 337 Average Temperature 99 | . 109 . 56 . . . 128 Received Heat Transfer 570 | . . . 138 . . . 432 Effects 2 | . . . . . . . 2 Interference 2 | . . . . . . . 2 Siege Activations . | . . . . . . . . Robots Corrupted 2 | . . . 1 . . . 1 Combat Hostiles 2 | . . . 1 . . . 1 Parts Fried 6 | . 2 . 3 . . . 1 Impact Corruptions . | . . . . . . . . Robots Melted . | . . . . . . . . Combat Hostiles . | . . . . . . . . Parts Melted . | . . . . . . . . Heat Transferred 587 | . 150 . 150 . . . 287 Parts Sabotaged . | . . . . . . . . Parts Stolen . | . . . . . . . . Parts Stripped . | . . . . . . . . Power Chain Reactions 4 | . 1 . 1 . . . 2 Alert | -11 -10 -10 -9 -9 -9 -8 -8 ------- Run | Yrd Mat Min Mat Min Exi Min Mat Peak Influence 339 | . 177 69 339 84 . . 148 Initial 84 | . . 69 26 84 . . . Average 108 | . 59 69 170 84 . . 94 Maximum Alert Level 1 | . . . 1 . . . . Low Security (%) 86 | 100 100 100 63 100 . 100 100 Level 1 13 | . . . 36 . . . . Level 2 . | . . . . . . . . Level 3 . | . . . . . . . . Level 4 . | . . . . . . . . Level 5 . | . . . . . . . . High Security . | . . . . . . . . Max Security . | . . . . . . . . Squads Dispatched 7 | . 1 . 2 . . . 4 Investigation 3 | . . . 1 . . . 2 Extermination . | . . . . . . . . Reinforcement 4 | . 1 . 1 . . . 2 Assault . | . . . . . . . . Garrison . | . . . . . . . . Intercept . | . . . . . . . . Searches Triggered . | . . . . . . . . Construction Impeded . | . . . . . . . . Haulers Reinforced . | . . . . . . . . Active Scanning Responses . | . . . . . . . . Cargo Convoy Interrupts . | . . . . . . . . Stealth | -11 -10 -10 -9 -9 -9 -8 -8 --------- Run | Yrd Mat Min Mat Min Exi Min Mat Distress Signals 1 | . . . . . . . 1 Communications Jammed . | . . . . . . . . Distress Signals . | . . . . . . . . Times Spotted 39 | . 8 . 13 . . . 18 Peak Tracking Total 7 | . 3 . 4 . . . 7 Tactical Retreats 1 | . . . . . . . 1 Traps | -11 -10 -10 -9 -9 -9 -8 -8 ------- Run | Yrd Mat Min Mat Min Exi Min Mat Traps Triggered 2 | . 1 . 1 . . . . Indirectly . | . . . . . . . . Trap Hack Attempts . | . . . . . . . . Triggered . | . . . . . . . . Disarmed . | . . . . . . . . Reprogrammed . | . . . . . . . . Reused . | . . . . . . . . Traps Extracted . | . . . . . . . . Installed . | . . . . . . . . Triggered . | . . . . . . . . Machines | -11 -10 -10 -9 -9 -9 -8 -8 ---------- Run | Yrd Mat Min Mat Min Exi Min Mat Machines Disabled . | . . . . . . . . Max in Single Turn . | . . . . . . . . Machines Repaired . | . . . . . . . . Machines Dismantled . | . . . . . . . . Machines Sabotaged . | . . . . . . . . Overloaded Fab Kills . | . . . . . . . . Hacking | -11 -10 -10 -9 -9 -9 -8 -8 --------- Run | Yrd Mat Min Mat Min Exi Min Mat Machines Accessed 12 | . 3 1 3 . 1 . 4 Terminals 5 | . 2 . 2 . . . 1 Fabricators . | . . . . . . . . Repair Stations 1 | . . . 1 . . . . Recycling Units 2 | . 1 . . . . . 1 Scanalyzers 2 | . . . . . . . 2 Garrison Access . | . . . . . . . . Total Hacks 32 | . 9 1 7 . 1 . 14 Successful 15 | . 3 1 4 . 1 . 6 Failed 17 | . 6 . 3 . . . 8 Catastrophic 4 | . 1 . 1 . . . 2 Database Lockouts . | . . . . . . . . Manual 11 | . 7 . 3 . 1 . . Terminals 12 | . 7 . 3 . . . 2 Fabricators . | . . . . . . . . Repair Stations 4 | . . . 4 . . . . Recycling Units 6 | . 2 . . . . . 4 Scanalyzers 8 | . . . . . . . 8 Garrison Access . | . . . . . . . . Terminal Hacks 6 | . 2 1 2 . 1 . . Part Schematic 2 | . 1 . 1 . . . . Prototype ID Bank 1 | . 1 . . . . . . Open Door 1 | . . 1 . . . . . Branch Access Points 1 | . . . 1 . . . . Derelict Proto ID Bank 1 | . . . . . 1 . . Fabricator Hacks . | . . . . . . . . Repair Station Hacks 2 | . . . 2 . . . . Scan Component 1 | . . . 1 . . . . Repair 1 | . . . 1 . . . . Recycling Unit Hacks 2 | . . . . . . . 2 Report Inventory 1 | . . . . . . . 1 Retrieve Components 1 | . . . . . . . 1 Scanalyzer 4 | . . . . . . . 4 Insert Component 3 | . . . . . . . 3 Analyze 1 | . . . . . . . 1 Garrison Access Hacks . | . . . . . . . . Unauthorized Hacks 1 | . 1 . . . . . . Terminals 1 | . 1 . . . . . . Botnet 1 | . 1 . . . . . . Fabricators . | . . . . . . . . Repair Stations . | . . . . . . . . Recycling Units . | . . . . . . . . Scanalyzers . | . . . . . . . . Garrison Access . | . . . . . . . . Data Cores Recovered . | . . . . . . . . Used . | . . . . . . . . Hacking Detections 8 | . 3 . 2 . . . 3 Full Trace Events 4 | . 1 . 1 . . . 2 Feedback Events . | . . . . . . . . Feedback Blocked . | . . . . . . . . Robot Schematics Acquired . | . . . . . . . . Robots Built . | . . . . . . . . Authchips . | . . . . . . . . Time . | . . . . . . . . Total Robot Build Rating . | . . . . . . . . Part Schematics Acquired 3 | . 1 . 1 . . . 1 Parts Built . | . . . . . . . . Authchips . | . . . . . . . . Time . | . . . . . . . . Total Part Build Rating . | . . . . . . . . Parts Repaired 1 | . . . 1 . . . . Time 13 | . . . 13 . . . . Parts Recycled . | . . . . . . . . Recycled Matter . | . . . . . . . . Retrieved Matter . | . . . . . . . . Retrieved Components 7 | . . . . . . . 7 Parts Scanalyzed 2 | . . . . . . . 2 Part Schematics Acquired 1 | . . . . . . . 1 Parts Damaged 1 | . . . . . . . 1 Bothacking | -11 -10 -10 -9 -9 -9 -8 -8 ------------ Run | Yrd Mat Min Mat Min Exi Min Mat Used RIF Installer . | . . . . . . . . Robots Hacked . | . . . . . . . . Non-combat . | . . . . . . . . Combat . | . . . . . . . . Robot Hacks Applied . | . . . . . . . . Relay Couplers Released . | . . . . . . . . Fabnet Peak Effective % . | . . . . . . . . Robots Rewired . | . . . . . . . . Allies Hacked . | . . . . . . . . Hacks Repelled . | . . . . . . . . Allies | -11 -10 -10 -9 -9 -9 -8 -8 -------- Run | Yrd Mat Min Mat Min Exi Min Mat Total Allies . | . . . . . . . . Largest Group . | . . . . . . . . Highest-Rated Group . | . . . . . . . . Highest-Rated Ally . | . . . . . . . . Total Orders 1 | . . 1 . . . . . RETURN 1 | . . 1 . . . . . Ally Attacks . | . . . . . . . . Total Damage . | . . . . . . . . Kills . | . . . . . . . . Allies Corrupted . | . . . . . . . . Allies Melted . | . . . . . . . . Intel | -11 -10 -10 -9 -9 -9 -8 -8 ------- Run | Yrd Mat Min Mat Min Exi Min Mat Robot Analysis Total . | . . . . . . . . Derelict Logs Recovered 1 | . . . . 1 . . . Drone Launches 1 | . . 1 . . . . . Drone Recoveries 1 | . . 1 . . . . . Exploration | -11 -10 -10 -9 -9 -9 -8 -8 ------------- Run | Yrd Mat Min Mat Min Exi Min Mat Turns Passed 1919 | 63 297 80 611 64 295 53 456 Spaces Moved 1272 | 46 185 52 376 47 244 45 277 Core 4 | 4 . . . . . . . Treads . | . . . . . . . . Legs 1268 | 42 185 52 376 47 244 45 277 Wheels . | . . . . . . . . Hover . | . . . . . . . . Flight . | . . . . . . . . Fastest Speed 50 | 50 120 120 120 120 120 120 120 Average Speed 119 | 113 120 120 120 120 120 120 120 Slowest Speed 120 | 120 120 120 120 120 120 120 120 Overloaded Moves . | . . . . . . . . Propulsion Burnouts . | . . . . . . . . Robots Hopped . | . . . . . . . . Cave-ins Triggered . | . . . . . . . . Exploration Rate (%) 25 | 4 39 13 33 19 62 19 18 Regions Visited 7 Branch Regions 4 Pre-discovered Areas 1 | . . 1 . . . . . Known Exits Taken 1 | . . . 1 . . . . Unknown Exits Taken 6 | 1 1 1 . 1 1 1 . Scrap Searched . | . . . . . . . . Spaces Dug . | . . . . . . . . Terrain Destroyed 44 | . 2 . 3 . . . 39 Melee . | . . . . . . . . Projectile . | . . . . . . . . AOE 44 | . 2 . 3 . . . 39 Terrain Rammed . | . . . . . . . . Walls Destroyed . | . . . . . . . . Machines Disabled . | . . . . . . . . Actions | -11 -10 -10 -9 -9 -9 -8 -8 --------- Run | Yrd Mat Min Mat Min Exi Min Mat Total 1562 | 53 234 69 500 55 246 44 361 Wait 167 | . 12 14 91 7 . . 43 Move 1265 | 45 184 51 375 46 243 44 277 Hop . | . . . . . . . . Pick Up 21 | 2 8 . 6 1 1 . 3 Fast Attach 23 | 6 5 2 3 . . . 7 Attach 7 | . 1 . 3 . 1 . 2 Detach 3 | . 3 . . . . . . Swap 4 | . . . 2 . . . 2 Drop 17 | . 6 2 2 1 1 . 5 Fire 53 | . 14 . 17 . . . 22 Melee . | . . . . . . . . Ram . | . . . . . . . . Kick 2 | . 1 . 1 . . . . Crush . | . . . . . . . . Escape Stasis . | . . . . . . . . Rewire . | . . . . . . . . Trap . | . . . . . . . . Miscellaneous . | . . . . . . . . Route ------- -11/Scrapyard -10/Materials -10/Mines -9/Materials (discovered 2 exits: *Mat / *Min) -9/Mines -9/Exiles -8/Mines -8/Materials History --------- Turn | Location | Event 3 | -11/Scrapyard | Discovered new exit (range 16) 64 | -11/Scrapyard | Entered Materials 306 | -10/Materials | Build established: Mutant 345 | -10/Materials | Discovered new exit (range 12) 361 | -10/Materials | Entered Mines 362 | -10/Mines | Learned location of Storage (-8) 384 | -10/Mines | Discovered new exit (range 10) 410 | -10/Mines | Found the Drone Emporium 423 | -10/Mines | Found Prototype Device 423 | -10/Mines | Identified Splice Drone Bay 441 | -10/Mines | Entered Materials 441 | -9/Materials | Evolved 2 slots: Propulsion x1, Utility x1 529 | -9/Materials | Repaired Aluminum Leg 676 | -9/Materials | Lost 3 parts (1p2w) 802 | -9/Materials | Discovered new exit (range 6) 822 | -9/Materials | Identified exit to Mines 1052 | -9/Materials | Entered Mines 1077 | -9/Mines | Found a hidden stash of uninstalled traps 1103 | -9/Mines | Found a damaged Exp. Sensor Array with a note attached 1106 | -9/Mines | Found Prototype Device 1111 | -9/Mines | Deemed a non-threat by the Exiles lab entrance 1111 | -9/Mines | Discovered new exit (range 5) 1116 | -9/Mines | Entered Exiles 1145 | -9/Exiles | Met 8R-AWN 1166 | -9/Exiles | Met EX-HEX 1204 | -9/Exiles | Met EX-BIN 1218 | -9/Exiles | Aligned with FarCom system 1220 | -9/Exiles | Given EX-Vault access code 1250 | -9/Exiles | Opened EX-Vault 1258 | -9/Exiles | Found Field Lobotomy Kit 1286 | -9/Exiles | Warned to stay clear of 0b10 Research branches 1323 | -9/Exiles | Met EX-DEC 1396 | -9/Exiles | Discovered new exit (range 14) 1411 | -9/Exiles | Left Exiles lab with Field Lobotomy Kit 1411 | -9/Exiles | Entered Mines 1450 | -8/Mines | Discovered new exit (range 6) 1464 | -8/Mines | Entered Materials 1464 | -8/Materials | Evolved 2 slots: Utility x1, Weapon x1 1475 | -8/Materials | Identified Exp. Sensor Array 1611 | -8/Materials | Lost 4 parts (1p1n2w) 1920 | -8/Materials | Self-destructed Last Messages --------------- M005. 01870_ Electrolysis Chamber disabled. 01875_ Destroyed Particle Gun. 01876_ G-47 Trooper system terminally corrupted. 01876_ Lgt. Nuclear Core fried. 01879_ System corrupted: Component data lost. 01880_ Chain reaction triggered in Lgt. Nuclear Core. 01881_ W-25 Informer sends out distress signal. 01883_ G-47 Trooper destroyed. 01897_ U-05 Engineer builds a Wall. 01899_ Lgt. Armor Plating destroyed. 01906_ O-16 Technician: "IFF HANDSHAKE FAILED. SECURING TERMINAL." 01910_ G-47 Trooper destroyed. 01912_ ALERT: Hostiles spotted, dispatching reinforcements to Terminal M006. 01913_ Chain reaction triggered in Lgt. Nuclear Core. 01914_ Lgt. EM Pulse Cannon destroyed. 01916_ Hvy. EM Shotgun destroyed. 01917_ U-05 Engineer lays Concrete. 01919_ U-05 Engineer builds a Wall. Map ----- +----------------------------------------------------+ | ?? ????????????????????????????????????????????? | | ?? #???????????????????????????????????????????? | | ?+ ???????? ??????????????????????????######### | | ?# ????? #?????????????????????????# = # | | ?+ ???? #?????????????????????#####"S # | | ?# "??? = #?????????????????????# #""" # | | ?# ""?? #?????????????????????# # "" # | | ?+ """ #???????????????????### # # | | ?# #???????????????????## # | | ?# #???????????????##### # """ # | | ?# """ = #???????????????# # """ # | | ?# """ #???????????????#""" * """ # | | ?# """ #???????????????#""" # # | | ?# #???????????????#""" # # | | ?# ?????????#""" # #+###### | | #####+### ###?########???????# "" # ## #????? | | # "" ## #???# #???????# + ## #????? | | # ""S ## #???# #???????# # ## #????? | | # "" ## #???# """#???????# # #+###### | | # ## #???# """#???????# # # # | | # ## #???# """#???????# #% # # | | # ## #???# #???????# % # % # # | | ##+###### ########+#############a### # """"" # | | ?# #???# k # """"" # | | ?# ##### =g + """"" # | | ?# @ !g= # ! # | | ?# ##+###+########+#######;;gg #### #"" # | | ?# # ## # =# #??# #"Y= # | | ?+ # T ## # """ !#= #??# #"" # | | ?# # """ ## # "" =+% #??# # # | | ?# # """ ## # " #[ #??# ######### | | ?/ # """ ## # # #??# #???????? | | ?# # ## # ] # #??# #???????? | | ?# # ## ##/##### #??# #???????? | | ?? #################### #???# #??# #???????? | | ?? ???????????????????# #???# #??# #???????? | | ?? ???????????????????# #???# #??# /???????? | | ?? ??????????????????? ??? #??# #???????? | | ?? ??????????????????w ??? #??# #???????? | | ?? ??????????????????? !??? #??? ????????? | | ?? ??????????????????? !!?? #??????????????? | | ?????????????????????# ?? #??????????????? | | ?????????????????????# ?? #??????????????? | | ?????????????????????# ??? ???????????????? | | ?????????????????????# ????????????????????? | | ?????????????????????# ????????????????????? | | ?????????????????????# ????????????????????? | | ?????????????????????? ##????????????????????? | | ?????????????????????? ??????????????????????? | | ?????????????????????? ??????????????????????? | +----------------------------------------------------+ Best States ------------- Heat Dissipation 31 Energy Generation 12 Energy Capacity 465 Matter Stores 300 Matter Capacity 300 Sight Range 18 Terrain Scan Density 10 Armor Coverage 150 Evasion (%) 55 Targeting Accuracy 8 Defensive Hacking 10 Item Schematics ----------------- Aluminum Leg | -10/Materials | Hacked Lgt. EM Pulse Cannon | -9/Materials | Hacked Grenade Launcher | -8/Materials | Scanalyzed Robot Schematics ------------------ None Fabricated ------------ Nothing Alien Tech Used ----------------- None Achievements -------------- None Challenges ------------ None Game ------ Seed RelayExoskeletonFalx Manual? 0 Play Time 00:23:56 Cumulative 22.6 hours Start 2024.04.04 @ 10:55:53 End 2024.04.04 @ 11:17:42 Sessions 1 Manual Loads 0 Difficulty Rogue Special Mode None Game No. 17 Rogue 17 Adventurer 0 Explorer 0 Win Type - Total 1 Types 1/0/0/0/0/0/0/0/0 Lore% 24 Gallery% 24 Achievement% 26 Wizard Run 0 Options --------- Layout 0 ASCII 0 Keyboard 0 Movement Mouse Keybinds 0 Fullscreen 1 Font 18/SmallcapsGlow Map View 76x50 Zoom Use 0% Tactical HUD 1 Map Filters NONE Filters NONE Steam 1 RUN: a2730b23-9e0f-40f0-9bce-02aa3263c831